Map: Tours du crépuscule

Players

Worming - Winner!

  • Race: Zerg Zerg
  • League: Diamond

spacegeek

  • Race: Protoss Protoss
  • League: Bronze

VOD

Have the link to the VOD?

Description

Time

  • Played on: Nov. 14, 2015, 4:59 a.m.
  • Length: 9:25
Show
View Real Time Build Order
Export as new Build Order

Worming Zerg - Winner!

Build Orders: Hatch First 

Get SALT Encoding   

  12  0:01  Drone  
  13  0:13  Overlord  
  13  0:23  Drone  
  14  0:32  Drone  
  14  0:33  Drone  
  16  0:36  Drone  
  17  0:46  Drone  
  18  0:59  Drone, Hatchery  
  18  1:13  Spawning Pool  
  18  1:15  Drone  
  18  1:21  Drone  
  18  1:22  Extractor  
  18  1:37  Drone  
  19  1:53  Drone, Overlord  
  20  2:01  Queen  
  22  2:12  Overlord  
  22  2:14  Queen  
  24  2:16  Zergling x4  
  26  2:31  Drone  
  26  2:32  Drone  
  28  2:55  Drone x6  
  34  2:59  Metabolic Boost  
  34  3:37  Overlord  
  34  3:40  Drone x8  
  42  3:42  Extractor  
  42  3:45  Overlord  
  42  3:47  Hatchery  
  40  3:59  Queen  
  42  4:16  Overlord  
  42  4:17  Drone x3  
  42  4:18  Drone x5  
  42  4:20  Extractor  
  42  4:21  Extractor  
  48  4:29  Queen, Overlord  
  50  4:53  Drone x6  
  50  4:54  Drone  
  57  5:04  Drone x2  
  57  5:05  Drone  
  60  5:11  Drone x6  
  60  5:13  Drone  
  60  5:14  Drone  
  68  5:35  Drone  
  67  5:37  Lair  
  67  5:40  Roach Warren  
  66  5:44  Drone x7, Evolution Chamber  
  66  5:45  Drone x4  
  66  5:46  Evolution Chamber  
  66  5:48  Extractor x2  
  66  5:49  Drone  
  74  5:50  Spine Crawler  
  73  6:16  Overlord  
  73  6:17  Overlord x2  
  73  6:19  Zerg Missile Weapons Level 1  
  73  6:20  Zerg Ground Armor Level 1  
  73  6:26  Hatchery  
  72  6:33  Pneumatized Carapace  
  72  6:37  Roach x11  
  72  6:38  Roach x5  
  104  7:01  Overseer  
  104  7:07  Hatchery  
  103  7:09  Queen  
  103  7:11  Glial Reconstitution  
  103  7:14  Ravager  
  106  7:16  Overlord x5  
  106  7:17  Overlord  
  106  7:36  Ravager x2  
  106  7:37  Ravager x13  
  113  7:42  Drone x15  
  136  7:55  Extractor  
  135  8:01  Extractor  
  128  8:44  Hydralisk Den  
  127  8:57  Extractor  
  127  8:59  Extractor  
Show
View Real Time Build Order
Export as new Build Order

spacegeek Protoss 

Build Orders:  

Get SALT Encoding   

  12  0:02  Probe (Chrono Boost)  
  13  0:13  Probe (Chrono Boost)  
  14  0:34  Pylon  
  14  0:47  Assimilator  
  15  0:50  Probe (Chrono Boost)  
  15  0:59  Gateway  
  15  1:09  Pylon  
  15  1:13  Probe (Chrono Boost)  
  16  1:23  Probe (Chrono Boost)  
  17  1:34  Probe (Chrono Boost)  
  18  1:45  Probe (Chrono Boost)  
  19  1:55  Probe (Chrono Boost)  
  20  2:30  Zealot (Chrono Boost)  
  20  2:31  Gateway  
  20  2:32  Gateway  
  22  2:46  Assimilator  
  22  2:47  Probe  
  23  2:54  Zealot (Chrono Boost)  
  25  2:59  Probe  
  25  3:03  Nexus  
  26  3:07  Pylon  
  26  3:09  Pylon  
  26  3:11  Probe  
  27  3:14  Pylon  
  27  3:15  Pylon  
  27  3:18  Zealot (Chrono Boost)  
  29  3:23  Probe  
  30  3:33  Forge  
  30  3:36  Gateway  
  32  3:41  Zealot (Chrono Boost)  
  32  3:54  Pylon  
  32  4:05  Assimilator  
  32  4:19  Protoss Shields Level 1 (Chrono Boost)  
  32  4:32  Cybernetics Core  
  32  4:42  Photon Cannon x2  
  32  5:00  Gateway  
  32  5:04  Gateway  
  32  5:07  Photon Cannon  
  32  5:11  Photon Cannon  
  32  5:14  Probe, Pylon  
  32  5:17  Pylon  
  33  5:44  Warp Gate (Chrono Boost)  
  33  5:51  Stalker (Chrono Boost)  
  33  5:52  Stalker (Chrono Boost)  
  39  6:01  Protoss Ground Weapons Level 1  
  39  6:18  Stalker (Chrono Boost)  
  39  6:19  Stalker (Chrono Boost)  
  41  6:27  Pylon  
  41  6:33  Gateway  
  41  6:36  Gateway  
  41  6:42  Probe  
  41  6:43  Probe  
  43  6:54  Probe  
  44  6:55  Probe  
  44  7:00  Gateway  
  45  7:06  Probe (Chrono Boost)  
  45  7:07  Probe (Chrono Boost)  
  47  7:17  Probe (Chrono Boost)  
  47  7:18  Probe (Chrono Boost)  
  49  7:27  Probe  
  50  7:51  Nexus  
  42  8:22  Stalker x3  
  42  8:23  Stalker x3  
  42  8:24  Stalker  
  40  8:41  Stalker x2  
  44  8:51  Pylon  
Tags
 
Add a new tag
Caveats
  • Supply blocks, unpowered buildings, or Contaminate may cause inaccurate times.
  • Supply counts are checked every 10 seconds.